[Event "35th Roquetas Festival 2024"]
[Site "Roquetas de Mar"]
[Date "2024.01.04"]
[Round "5.21"]
[White "Fiorito, Fabian"]
[Black "Fernandez, Maria Florencia"]
[Result "1/2-1/2"]
[ECO "A15"]
[WhiteElo "2274"]
[BlackElo "2074"]
[Annotator "RC"]
[PlyCount "110"]
[EventDate "2024.01.02"]
[EventType "swiss"]
[EventCountry "ESP"]
[SourceTitle "playchess.com"]
[Source "ChessBase"]
[SourceQuality "1"]
[TimeControl "5400+30"]

1. c4 Nf6 2. Nf3 g6 3. g3 Bg7 4. Bg2 O-O 5. O-O d6 6. Nc3 e5 7. d3 Nc6 8. Rb1 h6 9. b4 Ne8 10. b5 Ne7 11. a4 f5 12. Nd2 g5 13. a5 Rb8 14. Nd5 Nf6 15. Qc2 Be6 16. Nxf6+ Bxf6 17. Bb2 c5 18. bxc6 bxc6 19. Bc3 Qc7 20. Qa4 d5 21. cxd5 Rxb1 22. Rxb1 cxd5 23. Qa3 Rc8 24. Bb4 Kf7 25. a6 Qc2 26. Bf1 f4 27. Bxe7 Bxe7 28. Rb7 Rc7 29. Qa5 Bd8 30. Nc4 dxc4 31. Rxc7+ Bxc7 32. Qxc7+ Kf6 33. dxc4 Qc1 34. Qh7 Bxc4 35. Qxh6+ Kf7 36. Qh7+ Kf6 37. Qh8+ Ke6 38. Qc8+ Kd6 39. gxf4 gxf4 40. h4 e4 41. Qf8+ Ke5 42. Qc5+ Ke6 43. Qd4 Kf5 44. Qd7+ Ke5 45. Qg7+ Ke6 46. Qg2 Ke5 47. Qg5+ Ke6 48. Qg2 Ke5 49. Qg7+ Ke6 50. Qg2 Ke5 51. f3 Qe3+ 52. Kh2 Qc1 53. Qg4 Bxa6 54. Qg5+ Kd6 55. Qe5+ Kxe5 1/2-1/2

[Event "35th Roquetas Festival 2024"]
[Site "Roquetas de Mar"]
[Date "2024.01.04"]
[Round "5.22"]
[White "Serrano Almendros, Angel"]
[Black "Ferro Martinez, Damian"]
[Result "1-0"]
[ECO "B10"]
[WhiteElo "2250"]
[BlackElo "1858"]
[Annotator "RC"]
[PlyCount "85"]
[EventDate "2024.01.02"]
[EventType "swiss"]
[EventCountry "ESP"]
[SourceTitle "playchess.com"]
[Source "ChessBase"]
[SourceQuality "1"]
[TimeControl "5400+30"]

1. e4 c6 2. Nf3 d5 3. d3 dxe4 4. dxe4 Qxd1+ 5. Kxd1 Nf6 6. Nbd2 g6 7. Ne5 Bh6 8. f3 Nbd7 9. Nd3 Nb6 10. a4 a5 11. Nc4 Nxc4 12. Bxh6 Rg8 13. b3 Nb6 14. Be3 Nbd7 15. c4 e5 16. Kc2 Nh5 17. g3 Ng7 18. Bh3 f6 19. Rhd1 Nf8 20. Bxc8 Rxc8 21. Nc5 b6 22. Nb7 Rb8 23. Nd6+ Kd7 24. c5 bxc5 25. Nc4+ Kc7 26. Bxc5 Ra8 27. Bb6+ Kb7 28. Bxa5 Nge6 29. Bc3 Rg7 30. Rd6 Rd7 31. Na5+ Kc7 32. Rxc6+ Kd8 33. Nc4 Nd4+ 34. Bxd4 Rxd4 35. Rd1 Rxd1 36. Kxd1 Ke7 37. Nb6 Rd8+ 38. Nd5+ Kd7 39. Rb6 Ne6 40. a5 Nd4 41. a6 Ra8 42. Rxf6 Nc6 43. Nb6+ 1-0

[Event "35th Roquetas Festival 2024"]
[Site "Roquetas de Mar"]
[Date "2024.01.04"]
[Round "5.23"]
[White "Cabezas Ayala, Ivan"]
[Black "Castillo Rodriguez, Angel Luis"]
[Result "1/2-1/2"]
[ECO "C11"]
[WhiteElo "2244"]
[BlackElo "2055"]
[Annotator "RC"]
[PlyCount "80"]
[EventDate "2024.01.02"]
[EventType "swiss"]
[EventCountry "ESP"]
[SourceTitle "playchess.com"]
[Source "ChessBase"]
[SourceQuality "1"]
[TimeControl "5400+30"]

1. e4 e6 2. d4 d5 3. Nc3 Nf6 4. e5 Nfd7 5. f4 c5 6. Nf3 Nc6 7. Be3 Be7 8. Qd2 O-O 9. dxc5 Qa5 10. Bd3 Nxc5 11. O-O Nxd3 12. cxd3 Bd7 13. Ne2 Qa6 14. Ned4 Rac8 15. a3 Rc7 16. Rad1 Rfc8 17. Qf2 Qa4 18. h3 Rf8 19. Rc1 Rfc8 20. Kh1 Qa6 21. Rfd1 b6 22. Nxc6 Bxc6 23. Bd4 Ba4 24. Rxc7 Rxc7 25. Rd2 Qc8 26. Kh2 Rc2 27. Kg3 Kf8 28. Rxc2 Qxc2 29. Qxc2 Bxc2 30. Ne1 Bd1 31. Kf2 h5 32. g3 Ke8 33. Ke3 Kd7 34. Kd2 Ba4 35. Ng2 g6 36. Ne3 Bd8 37. Kc3 Bb5 38. Nd1 Be7 39. b4 Kc7 40. Nb2 a5 1/2-1/2

[Event "35th Roquetas Festival 2024"]
[Site "Roquetas de Mar"]
[Date "2024.01.04"]
[Round "5.24"]
[White "Castro Quijano, Eduardo"]
[Black "Rodriguez Lopez, Rafael"]
[Result "1/2-1/2"]
[ECO "D77"]
[WhiteElo "2103"]
[BlackElo "2152"]
[Annotator "RC"]
[PlyCount "69"]
[EventDate "2024.01.02"]
[EventType "swiss"]
[EventCountry "ESP"]
[SourceTitle "playchess.com"]
[Source "ChessBase"]
[SourceQuality "1"]
[TimeControl "5400+30"]

1. c4 Nf6 2. d4 g6 3. Nf3 Bg7 4. g3 O-O 5. Bg2 d5 6. O-O dxc4 7. Na3 c3 8. bxc3 c5 9. Re1 Nc6 10. e4 Bg4 11. Bb2 Qc8 12. e5 Nd7 13. h3 Bxf3 14. Bxf3 Rd8 15. Qb3 e6 16. Nc4 Rb8 17. Rad1 Qc7 18. Bc1 Na5 19. Nxa5 Qxa5 20. Bg5 Rdc8 21. Be7 cxd4 22. Bb4 Qb6 23. Bd6 Qxb3 24. axb3 Rxc3 25. Bxb8 Nxb8 26. Rxd4 Rxf3 27. Rd8+ Bf8 28. Rxb8 Rxb3 29. Ra1 Kg7 30. Rxa7 Rxg3+ 31. fxg3 Bc5+ 32. Kg2 Bxa7 33. Rxb7 Bd4 34. Rb5 h5 35. Kf3 1/2-1/2

[Event "35th Roquetas Festival 2024"]
[Site "Roquetas de Mar"]
[Date "2024.01.04"]
[Round "5.25"]
[White "Diaz Mino, Daniel"]
[Black "Gomez Sanjuan, Hector Fernando"]
[Result "0-1"]
[ECO "C02"]
[WhiteElo "2074"]
[BlackElo "2139"]
[Annotator "RC"]
[PlyCount "108"]
[EventDate "2024.01.02"]
[EventType "swiss"]
[EventCountry "ESP"]
[SourceTitle "playchess.com"]
[Source "ChessBase"]
[SourceQuality "1"]
[TimeControl "5400+30"]

1. e4 e6 2. d4 d5 3. e5 c5 4. c3 Nc6 5. Nf3 Bd7 6. Be2 Nge7 7. O-O Nf5 8. dxc5 Bxc5 9. b4 Bb6 10. Bd3 Nh4 11. Re1 f5 12. Ng5 Ng6 13. Qh5 Nce7 14. a4 h6 15. Nh3 O-O 16. a5 Bc7 17. f4 Be8 18. Qe2 Rc8 19. Be3 b6 20. a6 d4 21. Bxd4 Nd5 22. Rf1 Nxb4 23. Bc4 Nd5 24. Na3 Bb8 25. Rad1 Bc6 26. g3 Qe7 27. Qb2 Rfd8 28. Nf2 Ndxf4 29. Rde1 Qg5 30. Qc1 Qh5 31. gxf4 Nh4 32. Nh1 Nf3+ 33. Kf2 Qxh2+ 34. Ke3 Nxd4 35. cxd4 Qh3+ 36. Ke2 Qg2+ 37. Nf2 Rxd4 38. Qc3 Rcd8 39. Bd3 Qf3+ 40. Kd2 Qxf4+ 41. Kc2 Ba4+ 42. Kb1 Bxe5 43. Ka2 Rxd3 44. Qxe5 Rd2+ 45. Ka1 Qb4 46. Re3 Bb3 47. Kb1 Qxa3 48. Qxe6+ Bxe6 49. Rxa3 Bc4 50. Rc1 Rxf2 51. Rxc4 Rd1+ 52. Rc1 Rxc1+ 53. Kxc1 Re2 54. Rd3 Ra2 0-1

[Event "35th Roquetas Festival 2024"]
[Site "Roquetas de Mar"]
[Date "2024.01.04"]
[Round "5.26"]
[White "Hompanera Lopez, Enrique"]
[Black "Camacho Collados, Marcos"]
[Result "0-1"]
[ECO "C70"]
[WhiteElo "2032"]
[BlackElo "2466"]
[Annotator "TA"]
[PlyCount "60"]
[EventDate "2024.01.02"]
[EventType "swiss"]
[EventCountry "ESP"]
[SourceTitle "playchess.com"]
[Source "ChessBase"]
[SourceQuality "1"]
[TimeControl "5400+30"]

1. e4 e5 2. Nf3 Nc6 3. Bb5 a6 4. Ba4 Nge7 5. O-O g6 6. d4 exd4 7. Nxd4 Bg7 8. c3 b5 {[%emt 0:03:55] C60: Ruy Lopez: Unusual Black 3rd moves and 3...g6.} 9. Bc2 Bb7 10. Bg5 {[%emt 0:02:23] [#]} h6 $146 {[%emt 0:00:49] White is slightly better.} ({Predecessor:} 10... O-O 11. Nxc6 Bxc6 12. Nd2 d6 13. Nf3 Qd7 14. Re1 Rfe8 15. Qd2 Rad8 16. Bb3 Bb7 17. Qf4 Rf8 18. e5 Bxf3 19. exd6 Qxd6 20. Qxd6 {1-0 Albesa,N (1305)-Linart,L (854) OP-2011-0-01917}) 11. Bh4 Nxd4 12. cxd4 c5 13. e5 ({White should play} 13. dxc5 $16 g5 14. Bg3) 13... cxd4 $11 14. Qxd4 Nc6 15. Qe4 Qc7 $36 {[%emt 0:00:49][%mdl 2048] Black is more active.} 16. Bf6 O-O (16... Nxe5 17. Qxe5+ Qxe5 18. Bxe5 Bxe5 19. Re1 $16) 17. Bxg7 Kxg7 18. f4 (18. Nc3 $15) 18... Rfe8 $17 19. Nc3 (19. Rf2 $17) 19... Qb6+ $19 20. Kh1 {[%emt 0:01:00] [#]} Nxe5 $1 {[%emt 0:00:26][%mdl 576] Discovered Attack} 21. Nd5 {[%emt 0:03:02] [#]} Qc5 $1 22. fxe5 {[%emt 0:03:32][%cal Of1f7] Rxf7+! would kill now.} Bxd5 (22... Qxd5 23. Qxd5 Bxd5 24. Rfd1) 23. Qd3 Bc4 {[%emt 0:02:38] Inhibits Bb3. Active counter play!} (23... Rxe5 $2 24. Bb3 $19) 24. Qf3 Bxf1 25. Rxf1 Qe7 (25... Qxc2 26. Qxf7+ Kh8 27. Qf6+ Kh7 28. Qf7+ Kh8 29. Qf6+ Kh7 30. Qf7+ Kh8 $11) 26. Bb3 Rf8 (26... Qxe5 $2 {too greedy.} 27. Qxf7+ Kh8 28. Qxg6 $19) 27. Qd5 Rae8 {[%emt 0:03:53] Black is clearly winning.} 28. h3 Qe6 ({Stronger than} 28... Qxe5 29. Rxf7+ Rxf7 30. Qxf7+ Kh8 31. Qxg6 $11) 29. Qb7 Qc6 (29... Qxe5 $2 {is the wrong capture.} 30. Qxd7 Re7 31. Qd2 $19) 30. Qa7 Rxe5 {[%emt 0:00:39] Weighted Error Value: White=0.41/Black=0.06 (flawless)} 0-1

[Event "35th Roquetas Festival 2024"]
[Site "Roquetas de Mar"]
[Date "2024.01.05"]
[Round "6.1"]
[White "Suarez Uriel, Adrian"]
[Black "Grigoryan, Karen H."]
[Result "1-0"]
[ECO "B75"]
[WhiteElo "2365"]
[BlackElo "2643"]
[Annotator "TA"]
[PlyCount "103"]
[EventDate "2024.01.02"]
[EventType "swiss"]
[EventCountry "ESP"]
[SourceTitle "playchess.com"]
[Source "ChessBase"]
[SourceQuality "1"]
[TimeControl "5400+30"]

1. e4 c5 2. Nf3 d6 3. d4 cxd4 4. Nxd4 Nf6 5. Nc3 g6 6. Be3 Bg7 7. f3 a6 8. Qd2 h5 {[%emt 0:00:08] B75: Sicilian Dragon: Yugoslav Attack, Miscellaneous.} 9. O-O-O {[%emt 0:02:37] 9.Be2 is more fashionable.} b5 {[%emt 0:00:12] Inhibits Bc4.} 10. Kb1 Nbd7 {[%emt 0:01:53] The position is equal.} 11. Bd3 (11. Nc6 $5 Qc7 $8 12. Nb4 $11) 11... Bb7 12. h3 Rc8 13. g4 (13. a3 $14 {should be considered.}) 13... Ne5 $11 14. g5 Nfd7 15. f4 Nc4 16. Bxc4 Rxc4 17. Rhf1 {[%emt 0:00:56] [#]} (17. b3 $11 {keeps the balance.} Rxc3 {[%mdl 64] Remove Defender} 18. Qxc3) 17... Nc5 $146 ({Predecessor:} 17... b4 18. Nd5 e6 19. b3 Rc8 20. Nxb4 Bxe4 21. Rfe1 a5 22. Nd3 Nc5 23. Nxc5 dxc5 {0-1 Liu,A (1423)-Vu,L (1813) PNWCC Online blitz JP 2nd 2020 (2)}) 18. b3 {[%emt 0:14:53] [#]} (18. f5 $15) 18... Rxc3 $1 19. Qxc3 Nxe4 20. Qe1 {[%emt 0:00:52] [#]} Qc8 (20... Qc7 $1 $17 {Strongly threatening ...Nc3+.} 21. Ne2 Bc3) 21. Rd3 $15 {[%emt 0:02:44] Against Nc3+} Qxh3 22. Nxb5 Qd7 (22... axb5 $11 23. Bd4 {[%mdl 64] Discovered Attack} Qf5 24. Bxg7 Rh7) 23. Bd4 $1 $14 Bxd4 24. Nxd4 {[%emt 0:00:19] White stays focused until the end.} h4 (24... e6 $16) 25. Re3 $18 Ng3 (25... Nc5 {might work better.}) 26. Rf2 Kf8 (26... Rh5 $142 27. Rh2 e6) 27. Rh2 {[%emt 0:08:12][%cal Oe3g3] And now Rxg3! would win.} Rh5 {[%emt 0:01:41] [#]} 28. f5 $1 Rxg5 (28... Nxf5 29. Nxf5 {[%mdl 64] Remove Defender} Qxf5) 29. Rxh4 (29. fxg6 $142 e5 30. Rxh4) 29... Nh5 $2 (29... Nxf5 30. Nxf5 Rxf5 31. Rxe7 (31. Rh8+ Kg7 $18) 31... Rf1 32. Rxd7 (32. Rh8+ Kg7 $18) 32... Rxe1+ 33. Kb2 Be4) 30. fxg6 e5 31. Nf3 Rf5 {[%emt 0:00:09] [#]} 32. Nxe5 dxe5 33. Rxe5 Rxe5 34. Qxe5 fxg6 35. Qh8+ Kf7 36. Qh7+ {[%emt 0:00:40][%mdl 64] Deflection} Ke6 37. Qxg6+ Nf6 38. Rf4 Qe7 39. Rf1 {[%emt 0:00:57] Intending Re1+ and mate.} Be4 {[%emt 0:06:44] [#]} 40. Rxf6+ $1 {[%emt 0:00:06][%mdl 576] Remove Defender} Qxf6 41. Qxe4+ {[%emt 0:00:02][%mdl 4096] Endgame KQ-KQ} Kd7 42. Qc4 (42. a4 $142 Kc8 43. Ka2) 42... Qh6 43. a4 Qh1+ 44. Kb2 Qh8+ 45. Ka2 Qf6 46. a5 Qh6 47. Qd4+ Kc7 48. Qa7+ {White mates.} Kc8 49. Qb6 Qxb6 50. axb6 Kb7 51. Ka3 Kxb6 52. Kb4 {[%emt 0:00:15] An entertaining game by Suarez Uriel.   Weighted Error Value: White=0.35/Black=0.55} 1-0

[Event "35th Roquetas Festival 2024"]
[Site "Roquetas de Mar"]
[Date "2024.01.05"]
[Round "6.2"]
[White "Sosa, Tomas"]
[Black "Bernadskiy, Vitaliy"]
[Result "1-0"]
[ECO "B11"]
[WhiteElo "2554"]
[BlackElo "2566"]
[Annotator "ChessBase"]
[PlyCount "87"]
[EventDate "2024.01.02"]
[EventType "swiss"]
[EventCountry "ESP"]
[SourceTitle "playchess.com"]
[Source "ChessBase"]
[SourceQuality "1"]
[TimeControl "5400+30"]

1. e4 c6 2. Nf3 d5 3. Nc3 Bg4 4. h3 Bxf3 5. Qxf3 e6 6. Be2 d4 7. Nb1 Ne7 8. Qb3 Nd7 9. Qg3 Ng6 10. d3 e5 11. O-O Bd6 12. c3 dxc3 13. bxc3 Nc5 14. Rd1 O-O 15. Qg4 Qa5 16. Ba3 Rad8 17. Bb4 Qc7 18. Bxc5 Bxc5 19. Nd2 Nf4 20. Nb3 Ba3 21. g3 Rd6 22. Kh2 Nxe2 23. Qxe2 Rfd8 24. d4 exd4 25. cxd4 a5 26. Rab1 Re6 27. Qe3 Bb4 28. Rbc1 Ree8 29. Rc2 Qe7 30. Re2 h6 31. a3 Bxa3 32. Nxa5 Bb4 33. Nc4 Qe6 34. Nb2 Bf8 35. Qc3 Ra8 36. Nd3 Ra3 37. Qc1 Rea8 38. Nf4 Qb3 39. e5 Ra2 40. Rd3 Qb5 41. Qe3 Rxe2 42. Qxe2 Qc4 43. e6 Bd6 44. Ra3 1-0

[Event "35th Roquetas Festival 2024"]
[Site "Roquetas de Mar"]
[Date "2024.01.05"]
[Round "6.3"]
[White "Garcia Fernandez, Victor"]
[Black "Stremavicius, Titas"]
[Result "0-1"]
[ECO "D31"]
[WhiteElo "2366"]
[BlackElo "2543"]
[Annotator "TA"]
[PlyCount "96"]
[EventDate "2024.01.02"]
[EventType "swiss"]
[EventCountry "ESP"]
[SourceTitle "playchess.com"]
[Source "ChessBase"]
[SourceQuality "1"]
[TimeControl "5400+30"]

1. d4 d5 2. c4 e6 3. Nc3 Be7 4. cxd5 exd5 5. Bf4 c6 6. e3 Bf5 7. Nge2 Nd7 8. Ng3 Bg6 9. h4 {[%emt 0:01:04] D31: Queen's Gambit Declined: Semi-Slav without ...Nf6 (+ Marshall Gambit and Noteboom) and Exchange Variation lines without ...Nf6.} h5 (9... Bxh4 {is superior.} 10. Nh5 Bxh5 11. Qxh5 Be7) 10. Bd3 $11 Nf8 11. Bxg6 {[%emt 0:15:22] White is slightly better.} Nxg6 12. Nxh5 Nxf4 13. Nxf4 Rxh4 14. Rxh4 Bxh4 {[%emt 0:00:10] [#]} 15. Qg4 $146 ({Predecessor:} 15. Qh5 Bf6 16. Ne6 Qc8 17. Nc5 g6 18. Qh2 b6 19. Nd3 Qf5 20. O-O-O Ne7 21. Qh7 {1-0 Oparin,G (2652)-Muradli,M (2449) PNWCC WOW op 2020 (1)}) 15... Bf6 16. Nh5 g6 17. Nxf6+ Qxf6 18. Qg3 O-O-O 19. O-O-O (19. Rc1 {feels hotter.} Qe7 20. Ke2 Qb4 21. b3) 19... Qd6 20. Qxd6 Rxd6 {[%emt 0:00:03][%mdl 4096] Endgame KRN-KRN} 21. Rh1 Nf6 22. Rh8+ Rd8 23. Rxd8+ Kxd8 {[%emt 0:00:04] KN-KN} 24. f3 Ke7 25. Kd2 Nh5 26. Ke2 f5 27. Kf2 Ng7 28. Ne2 Ne6 29. Nc1 b6 30. Nd3 Kd6 31. Ke2 c5 32. dxc5+ bxc5 33. g3 c4 34. Ne1 Nc5 35. Kd2 g5 36. g4 f4 37. Nc2 (37. exf4 $11 gxf4 38. Kc3) 37... Ne6 ({Better is} 37... fxe3+ $17 38. Kxe3 Ne6) 38. Nd4 $2 {[%emt 0:08:07][%mdl 8192] [#]} (38. exf4 $11 Nxf4 39. Nd4) 38... fxe3+ $1 39. Kxe3 {[%emt 0:00:05] [#]} Nxd4 $1 40. Kxd4 {[%emt 0:00:03] KP-KP} a6 41. a3 Ke6 42. Kc5 Ke5 43. a4 Ke6 $2 (43... a5 {mates} 44. Kb5 Kd6 45. Kxa5 Kc5 46. f4 gxf4 47. g5 Kd6 48. g6 Ke6 49. Kb6 f3 50. g7 Kf7 51. Kc6 f2 52. Kd6 d4 53. Kd5 d3 54. Ke4 f1=Q 55. Ke3 Kxg7 56. Kd4 d2 57. Kc5 d1=Q 58. b3 cxb3 59. a5 Qc2+ 60. Kd6 Qf6+ 61. Kd7 Qcc6#) 44. Kd4 $2 (44. Kb4 $15) 44... Kd6 {[%emt 0:00:06] Black mates.} 45. a5 Ke6 46. Kc5 Ke5 47. Kb6 d4 48. Kxa6 d3 {[%emt 0:00:19] Weighted Error Value: White=0.37/Black=0.22 (precise)} 0-1

[Event "35th Roquetas Festival 2024"]
[Site "Roquetas de Mar"]
[Date "2024.01.05"]
[Round "6.4"]
[White "Fiorito, Francisco"]
[Black "Korneev, Oleg"]
[Result "1/2-1/2"]
[ECO "A06"]
[WhiteElo "2370"]
[BlackElo "2474"]
[Annotator "TA"]
[PlyCount "64"]
[EventDate "2024.01.02"]
[EventType "swiss"]
[EventCountry "ESP"]
[SourceTitle "playchess.com"]
[Source "ChessBase"]
[SourceQuality "1"]
[TimeControl "5400+30"]

1. Nf3 d5 2. g3 Bg4 3. Bg2 e6 4. O-O Nf6 5. d3 Be7 6. c4 c6 7. cxd5 Bxf3 8. Bxf3 cxd5 9. Nc3 Nc6 10. d4 {[%emt 0:16:02] A11: English Opening: 1...c6.} O-O 11. e3 {[%emt 0:07:11] [#]} a6 $146 ({Predecessor:} 11... Rc8 12. Bd2 Nd7 13. Qe2 Nb6 14. Rfd1 Qd7 15. Be1 Rfd8 16. Rac1 a6 17. Bg2 Rc7 18. h4 h6 19. Qc2 {½-½ Cordova,E (2655)-Matlakov,M (2701) Moscow Aeroflot op-A 16th 2017 (4)}) 12. Bd2 Qb6 13. Na4 Qa7 14. Rc1 Nd7 {[%emt 0:02:20] [#]} 15. b4 $1 Nb6 (15... Bxb4 $2 16. Rxc6 bxc6 17. Bxb4 $18) (15... Rfc8 16. a3) 16. Nxb6 Qxb6 17. Qb3 Rac8 18. Be2 Na7 19. a4 Rxc1 20. Rxc1 Rc8 21. Rb1 g6 22. a5 Qc6 23. b5 Nxb5 24. Bxb5 Qxb5 25. Qxb5 axb5 26. Rxb5 $11 {[%emt 0:00:01][%mdl 4096] Endgame KRB-KRB} Rc7 27. Bb4 Rc1+ {[%emt 0:01:25] The position is equal.} 28. Kg2 Rb1 29. Rxb7 {[%emt 0:00:02] [#] Rb8+ is the strong threat.} Bxb4 30. a6 {[%emt 0:00:05] Threatens to win with a7.} Kg7 31. a7 Ra1 $1 32. Rxb4 {[%emt 0:00:05] Strongly threatening Rb7.} Rxa7 {[%emt 0:00:03] Weighted Error Value: White=0.04 (flawless) /Black=0.05 (flawless)} 1/2-1/2

[Event "35th Roquetas Festival 2024"]
[Site "Roquetas de Mar"]
[Date "2024.01.05"]
[Round "6.5"]
[White "Macias Pino, Diego"]
[Black "Stremavicius, Pijus"]
[Result "1-0"]
[ECO "B40"]
[WhiteElo "2456"]
[BlackElo "2393"]
[Annotator "RC"]
[PlyCount "119"]
[EventDate "2024.01.02"]
[EventType "swiss"]
[EventCountry "ESP"]
[SourceTitle "playchess.com"]
[Source "ChessBase"]
[SourceQuality "1"]
[TimeControl "5400+30"]

1. e4 c5 2. Nf3 e6 3. d4 cxd4 4. Nxd4 Nf6 5. Nc3 Nc6 6. Nxc6 bxc6 7. e5 Nd5 8. Ne4 Qc7 9. f4 Rb8 10. c4 Bb4+ 11. Ke2 O-O 12. cxd5 cxd5 13. Ng5 d6 14. Qd3 g6 15. Nf3 Rb6 16. Kd1 Ba6 17. Qc2 Rc6 18. Qa4 Bxf1 19. Rxf1 Rc4 20. Qb3 Rc8 21. Be3 a5 22. Qd3 d4 23. exd6 Qxd6 24. Nxd4 e5 25. fxe5 Qxe5 26. Rf4 Qd5 27. Qe4 Qh5+ 28. Qf3 Qxh2 29. Ke2 Re8 30. Kd3 Rc7 31. Qh3 Qxh3 32. gxh3 f5 33. Nb5 Rce7 34. Bd4 Re2 35. Rf2 R2e4 36. Rc1 Kf7 37. Rc7+ R8e7 38. Rc6 Rd7 39. Re2 Rde7 40. Rxe4 Rxe4 41. Rc7+ Re7 42. Rc8 g5 43. Rh8 Kg6 44. Rg8+ Kh5 45. a3 Be1 46. Bf6 Rd7+ 47. Nd4 Bh4 48. Ke2 Rf7 49. Bd8 g4 50. Nxf5 gxh3 51. Bxh4 Rxf5 52. Bg3 Rb5 53. Rb8 Rg5 54. Kf2 Rf5+ 55. Kg1 Kg4 56. Kh2 Rd5 57. Rg8+ Kf3 58. Be1 a4 59. Rg3+ Ke2 60. Bc3 1-0

[Event "35th Roquetas Festival 2024"]
[Site "Roquetas de Mar"]
[Date "2024.01.05"]
[Round "6.6"]
[White "Espinosa Aranda, Angel"]
[Black "Habans Aguerrea, Javier"]
[Result "1/2-1/2"]
[ECO "B15"]
[WhiteElo "2431"]
[BlackElo "2368"]
[Annotator "RC"]
[PlyCount "58"]
[EventDate "2024.01.02"]
[EventType "swiss"]
[EventCountry "ESP"]
[SourceTitle "playchess.com"]
[Source "ChessBase"]
[SourceQuality "1"]
[TimeControl "5400+30"]

1. e4 c6 2. Nc3 d5 3. d4 dxe4 4. Nxe4 Nf6 5. Nxf6+ exf6 6. c3 Bd6 7. Bd3 O-O 8. Qc2 Re8+ 9. Ne2 h5 10. O-O h4 11. Nf4 Nd7 12. Qd1 Nf8 13. Qh5 Bxf4 14. Bxf4 h3 15. gxh3 Qd5 16. Qxd5 cxd5 17. Rfe1 Bxh3 18. f3 Bd7 19. Kf2 g6 20. Rxe8 Rxe8 21. a4 a6 22. c4 Bc6 23. c5 Ne6 24. Be3 f5 25. f4 a5 26. b3 Kg7 27. Bd2 f6 28. Be3 Rh8 29. Kg3 Re8 1/2-1/2

[Event "35th Roquetas Festival 2024"]
[Site "Roquetas de Mar"]
[Date "2024.01.05"]
[Round "6.7"]
[White "Vergara Anton, Diego"]
[Black "Fiorito, Joaquin"]
[Result "1/2-1/2"]
[ECO "A05"]
[WhiteElo "2346"]
[BlackElo "2401"]
[Annotator "RC"]
[PlyCount "67"]
[EventDate "2024.01.02"]
[EventType "swiss"]
[EventCountry "ESP"]
[SourceTitle "playchess.com"]
[Source "ChessBase"]
[SourceQuality "1"]
[TimeControl "5400+30"]

1. Nf3 Nf6 2. e3 g6 3. d4 Bg7 4. Be2 O-O 5. O-O d6 6. c4 Nbd7 7. Nc3 a6 8. Qc2 c6 9. Rd1 b5 10. a3 bxc4 11. Bxc4 Bb7 12. e4 d5 13. Bd3 dxe4 14. Nxe4 Nxe4 15. Bxe4 Nf6 16. Bd3 c5 17. dxc5 Qc7 18. Be2 Rac8 19. h3 Qxc5 20. Qxc5 Rxc5 21. Be3 Rc2 22. Rd2 Rxd2 23. Bxd2 Ne4 24. Be3 Rc8 25. Rc1 Rxc1+ 26. Bxc1 a5 27. Nd2 Bxb2 28. Bxb2 Nxd2 29. Bc3 Nb1 30. Bxa5 Nxa3 31. Bd3 Bc6 32. Bb4 Nb5 33. Bxb5 Bxb5 34. Bxe7 1/2-1/2

[Event "35th Roquetas Festival 2024"]
[Site "Roquetas de Mar"]
[Date "2024.01.05"]
[Round "6.8"]
[White "Schenderowitsch, Michael"]
[Black "Peng, Li Min"]
[Result "0-1"]
[ECO "D37"]
[WhiteElo "2281"]
[BlackElo "2575"]
[Annotator "TA"]
[PlyCount "134"]
[EventDate "2024.01.02"]
[EventType "swiss"]
[EventCountry "ESP"]
[SourceTitle "playchess.com"]
[Source "ChessBase"]
[SourceQuality "1"]
[TimeControl "5400+30"]

1. d4 Nf6 2. c4 e6 3. Nf3 d5 4. Nc3 dxc4 5. e3 a6 6. a4 b6 {[%emt 0:00:38] D24: Queen's Gambit Accepted: 3 Nf3 Nf6 4 Nc3.} 7. Bxc4 Bb7 {[%emt 0:00:24] Against e4} 8. O-O Bb4 {[%emt 0:00:11] The position is equal.} 9. Qe2 Nbd7 10. Rd1 (10. Bd3 $5 ) 10... O-O 11. Na2 Bd6 12. Nc3 Bb4 13. Na2 Bd6 14. Nc3 Qe7 (14... Bb4 $11) 15. e4 $14 {[%emt 0:04:07] e5 is the strong threat.} e5 16. Bg5 {[%emt 0:15:30] [#]} exd4 $146 ({Predecessor:} 16... h6 17. Bh4 c6 18. d5 c5 19. Nd2 Rfb8 20. Nf1 g6 21. Ne3 Qf8 22. Bxf6 Nxf6 {0-1 Sanchez Enriquez,O (2342)-Cardoso Cardoso,J (2411) Mexico City Fenamac GM 1st 2021 (9)}) 17. Nxd4 (17. Rxd4 Ne5 $11) 17... Bxe4 18. Nxe4 (18. Bxa6 $14 Bg6 19. Qxe7 Bxe7 20. Bb5) 18... Qxe4 $11 19. Bxa6 Qg6 20. Bxf6 Qxf6 21. Bb5 Ne5 22. Qe4 Bc5 23. Qf5 Qxf5 24. Nxf5 Ng4 25. Ne3 Bxe3 (25... Nxe3 $15 26. fxe3 Bxe3+ 27. Kf1 Bc5) 26. fxe3 Nxe3 27. Rd7 c5 28. Re1 Nf5 29. b4 cxb4 30. Rb1 Rac8 31. Bd3 Ne3 32. Rxb4 Rc6 33. Re4 Rc1+ 34. Kf2 Nd1+ 35. Kf3 g6 36. Rc4 Ra1 37. Bc2 Ra3+ 38. Rd3 Nb2 {[%emt 0:00:05][%mdl 64] [#] Pin} 39. Rxa3 Nxc4 {[%emt 0:00:02][%mdl 4096] Endgame KRB-KRN} 40. Rc3 Na5 41. Rc7 Rd8 42. Ke3 Kg7 43. Bb1 Re8+ 44. Kf2 Re5 (44... Kf8 $15) 45. Ba2 Rf5+ 46. Ke3 g5 47. g3 h5 48. Rd7 Nc6 49. Rd6 Rc5 50. Bb1 Ne5 {[%emt 0:03:02] Strongly threatening ...Nc4+.} 51. Ke2 (51. Rxb6 $11 {remains equal.} Nc4+ 52. Kd4 Nxb6 53. Kxc5 Nxa4+ 54. Kd4) 51... b5 $17 {[%emt 0:00:50][%cal Bb6b5,Bb5b4,Bb4b3,Bb3b2][%mdl 32] Black keeps a firm grip on the game.} 52. a5 (52. Ra6 $15) 52... Nc4 $19 53. Ra6 b4 54. Ba2 $2 (54. Ra8 {was necessary.}) 54... Nxa5 {[%emt 0:00:18] ...Rc2+ would be deadly.} 55. Kd1 {[%emt 0:00:35] Prevents Rc2} (55. Bb1 $142 b3 56. Kd3) 55... b3 56. Bb1 b2 {[%emt 0:00:03] Threatens to win with ...Rc1+.} 57. Bc2 Nc4 {[%emt 0:00:10] ( -> ...Ne3+)} 58. Bb1 Ne3+ (58... Na3 $142 59. Rxa3 Rc1+ 60. Kd2 Rxb1) 59. Ke2 Rc1 60. Bd3 Nd5 (60... b1=B 61. Bxb1 Rxb1 62. Kxe3 $17) (60... Nc2 $142 61. Rb6 b1=Q 62. Rxb1 Rxb1 63. Bxc2 Rh1) 61. Ra5 Nc3+ (61... b1=B 62. Bxb1 Rxb1 63. Rxd5 $17) (61... b1=N 62. Rxd5 Nc3+ 63. Kd2 Nxd5 64. Kxc1 $17) (61... b1=Q 62. Bxb1 Rxb1 63. Rxd5 $17) (61... Nb4 $142 62. Be4 Nc2) 62. Kd2 f6 ({Less strong is} 62... b1=B 63. Kxc1 Bxd3 64. Kd2 $16 (64. Rxg5+ Kh6 $17)) (62... b1=Q 63. Bxb1 Rxb1 64. Kxc3 $17) 63. Ra7+ Kf8 64. Ra6 (64. Rh7 $142 Nb5 65. Rxh5) 64... Ke7 ({Not} 64... b1=B 65. Ra8+ Ke7 66. Ra7+ Kd6 67. Kxc1 Bxd3 68. Kd2 $16) 65. Ra7+ Kd6 66. Bc2 {[%emt 0:00:32] [#]} Rxc2+ $1 {[%emt 0:00:13][%mdl 64] Remove Defender, Promotion} 67. Kd3 (67. Kxc2 b1=Q+) 67... Ke5 {Weighted Error Value: White=0.61/Black=0.19 (very precise)} (67... b1=Q $142 68. Ra1 Qb2 69. Ra6+ Ke5 70. Re6+ Kxe6 71. h4 Nd5 72. hxg5 Qc3+ {[%mdl 64] Skewer} 73. Ke4 f5#) 0-1